 Dungeon Crawl Stone Soup version 0.29-a0-23-ga79f92ac9c (webtiles) character file.

Game seed: 15749446632479822602

82 Gargoyl the Skirmisher (level 4, -5/41 HPs)
             Began as a Gnoll Abyssal Knight on Jan 30, 2022.
             Was a Believer of Lugonu.
             Killed by divine providence
             ... invoked by an orc priest
              (11 damage)
             ... on level 4 of the Dungeon.
             The game lasted 00:02:48 (1703 turns).

Gargoyl the Skirmisher (Gnoll Abyssal Knight)       Turns: 1703, Time: 00:02:50

Health: -5/41      AC:  7    Str: 15    XL:     4   Next: 43%
Magic:  7/7        EV: 11    Int:  9    God:    Lugonu [**....]
Gold:   45         SH:  0    Dex: 12    Spells: 5/5 levels left

rFire   . . .      SeeInvis .   a - +2 hand axe
rCold   . . .      Faith    .   (no shield)
rNeg    . . .      Spirit   .   d - +0 ring mail
rPois   .          Reflect  .   c - +0 helmet
rElec   .          Harm     .   (no cloak)
rCorr   .          Rampage  .   (no gloves)
Will    .....                   (no boots)
Stlth   +.........              (no amulet)
HPRegen 0.13/turn               (no ring)
MPRegen 0.10/turn               (no ring)

@: lethally poisoned (-5 -> -9), about to teleport
A: fangs 1, strong nose, distributed training
a: Renounce Religion, Depart the Abyss, Bend Space


You were on level 4 of the Dungeon.
You worshipped Lugonu.
Lugonu was pleased with you.
You visited 1 branch of the dungeon, and saw 4 of its levels.
You visited the Abyss 1 time.

You collected 45 gold pieces.

Inventory:

Hand Weapons
 a - a +2 hand axe (weapon)
 g - a +0 war axe
Armour
 c - a +0 helmet (worn)
 d - a +0 ring mail (worn)
Wands
 f - a wand of iceblast (9)
Scrolls
 b - 2 scrolls of identify
 e - a scroll of teleportation


   Skills:
 + Level 6.6 Fighting
 + Level 1.1 Short Blades
 + Level 1.1 Long Blades
 + Level 4.6 Axes
 + Level 1.1 Maces & Flails
 + Level 1.1 Polearms
 + Level 1.1 Staves
 + Level 1.1 Slings
 + Level 1.1 Bows
 + Level 1.1 Crossbows
 + Level 1.1 Throwing
 + Level 4.6 Armour
 + Level 2.7 Dodging
 + Level 1.1 Stealth
 + Level 1.1 Shields
 + Level 1.1 Unarmed Combat
 + Level 1.1 Spellcasting
 + Level 0.9 Conjurations
 + Level 0.9 Hexes
 + Level 0.9 Summonings
 + Level 0.9 Necromancy
 + Level 0.9 Translocations
 + Level 0.9 Transmutations
 + Level 0.9 Fire Magic
 + Level 0.9 Ice Magic
 + Level 0.9 Air Magic
 + Level 0.9 Earth Magic
 + Level 0.9 Poison Magic
 + Level 4.7 Invocations
 + Level 1.1 Evocations


You had 5 spell levels left.
You didn't know any spells.
Your spell library contained the following spells:

 Spells                   Type           Power      Damage    Failure   Level
 Fireball                 Conj/Fire      1%         3d3       100%        5
 Iskenderun's Battlesphe  Conj           2%         2d6       100%        5
 Conjure Ball Lightning   Conj/Air       1%         3x3d6     100%        6
 Orb of Destruction       Conj           1%         9d5       100%        7


Dungeon Overview and Level Annotations

Branches:
Dungeon (4/15)
 Temple: D:4-7

Altars:

Shops:
D:1 !


Innate Abilities, Weirdness & Mutations

You have very sharp teeth.
Your uncanny sense of smell can sniff out nearby items.
Your experience applies equally to all skills.


Message History

The orc warrior hits you with a +0 short sword!
The adder bites you.
You are poisoned.
The adder poisons you! The adder misses you.
You feel sick.
The adder bites you but does no damage. x2
You feel sick. The adder closely misses you. The adder barely misses you.
The adder bites you.
You are more poisoned.
The adder poisons you!
You feel sick.
The endoplasm hits you but does no damage.
Found 2 scrolls labelled QYEGYBUOHI.
You feel sick.
You see here a sedimented inky potion.
You feel sick. The adder closely misses you. x2
Found a scroll labelled SIRENU GEFUNE.
You feel sick.
A worm comes into view.
You feel sick.
The orc priest casts a cantrip, but nothing happens.
You feel sick.
The orc priest looks braver for a moment.
The adder misses you.
You feel sick.
You are no longer poisoned.
The adder bites you.
* * * LOW HITPOINT WARNING * * *
The adder barely misses you.
You see here 2 scrolls labelled QYEGYBUOHI.
e - 2 scrolls labelled QYEGYBUOHI The adder bites you.
* * * LOW HITPOINT WARNING * * *
You are poisoned.
The adder poisons you!
As you read the scroll labelled QYEGYBUOHI, it crumbles to dust.
You feel strangely unstable.
It was a scroll of teleportation.
* * * LOW HITPOINT WARNING * * *
You feel sick. The adder bites you but does no damage.
The adder barely misses you.
The orc priest calls down the wrath of Beogh upon you.
Beogh smites you!
You die...

.... ... .. ......... ..
.. ... ........... .##
#.#####.....#... ...#
........#.##.# ..#..
#...........##...##
#......#oo.........
#......oo###.......
##...!...oJS@.#
####.......###Sw.......
#.......o..# #...?.....
##..[#......# ^........#
)..###......#...........
.....########.#.########
......## ....# .......#
∆...### ...o...###. .#


You could see a worm, an orc priest, 2 adders, 2 orcs and an endoplasm.

Vanquished Creatures
  An adder (D:2)
  3 gnolls
  A worm (D:2)
  A dart slug (D:1)
  An orc (D:4)
  4 ball pythons
  3 bats
  3 endoplasms (D:1)
  A giant cockroach (D:1)
  4 hobgoblins
  3 jackals (D:1)
  4 quokkas
  3 frilled lizards (D:1)
  3 kobolds
  2 rats (D:1)
37 creatures vanquished.

Notes
Turn   | Place    | Note
-------+----------+-------------------------------------------
     0 | Abyss:1  | Gargoyl the Gnoll Abyssal Knight began the quest for the
                  | Orb.
     0 | Abyss:1  | Reached XP level 1. HP: 23/23 MP: 3/3
    40 | Abyss:1  | Noticed a bone dragon
    41 | D:1      | Escaped the Abyss
    79 | D:1      | Reached * piety under Lugonu
   201 | D:1      | Reached XP level 2. HP: 26/29 MP: 5/5
   379 | D:1      | Found Gounyog's Distillery.
   593 | D:1      | Reached XP level 3. HP: 35/35 MP: 6/6
  1035 | D:2      | Found a faded altar of an unknown god.
  1298 | D:2      | Reached skill level 1 in Short Blades
  1298 | D:2      | Reached skill level 1 in Long Blades
  1298 | D:2      | Reached skill level 1 in Maces & Flails
  1298 | D:2      | Reached skill level 1 in Polearms
  1298 | D:2      | Reached skill level 1 in Staves
  1298 | D:2      | Reached skill level 1 in Slings
  1298 | D:2      | Reached skill level 1 in Bows
  1298 | D:2      | Reached skill level 1 in Crossbows
  1298 | D:2      | Reached skill level 1 in Throwing
  1298 | D:2      | Reached skill level 1 in Stealth
  1298 | D:2      | Reached skill level 1 in Shields
  1298 | D:2      | Reached skill level 1 in Unarmed Combat
  1298 | D:2      | Reached skill level 1 in Spellcasting
  1298 | D:2      | Reached skill level 1 in Evocations
  1298 | D:2      | Reached XP level 4. HP: 27/41 MP: 7/7
  1330 | D:3      | Reached ** piety under Lugonu
  1331 | D:3      | HP: 1/41 [goblin (2)]
  1638 | D:4      | Noticed an orc warrior
  1703 | D:4      | Killed from afar by an orc priest

Illustrated notes

Levels and vault maps discovered:
D:1:      minmay_arrival_plants_in_alcoves, layout_basic, serial_shops, shop
D:2:      layout_basic, ebering_ecumenical_altar_abandoned,
          lightli_corner_chamber, uniq_crazy_yiuf_cottage
D:3:      layout_rooms
D:4:      layout_rooms, minmay_manual_monstrance

Skill      XL: |  1  2  3 |
---------------+----------+-----
Short Blades   | 1 |  1.1
Long Blades    | 1 |  1.1
Maces & Flails | 1 |  1.1
Polearms       | 1 |  1.1
Staves         | 1 |  1.1
Slings         | 1 |  1.1
Bows           | 1 |  1.1
Crossbows      | 1 |  1.1
Throwing       | 1 |  1.1
Stealth        | 1 |  1.1
Shields        | 1 |  1.1
Unarmed Combat | 1 |  1.1
Spellcasting   | 1 |  1.1
Evocations     | 1 |  1.1
Fighting       | |  6.6
Axes           | |  4.6
Armour         | |  4.6
Dodging        | |  2.7
Conjurations   | |  0.9
Hexes          | |  0.9
Summonings     | |  0.9
Necromancy     | |  0.9
Translocations | |  0.9
Transmutations | |  0.9
Fire Magic     | |  0.9
Ice Magic      | |  0.9
Air Magic      | |  0.9
Earth Magic    | |  0.9
Poison Magic   | |  0.9
Invocations    | |  4.7

Action                   |  1- 3 |  4- 6 || total
-------------------------+-------+-------++-------
Melee: Hand axe          |    97 |    14 ||   111
       Bite              |     6 |       ||     6
       Punch             |     1 |       ||     1
Invok: Depart the Abyss  |     1 |       ||     1
  Use: Scroll            |     3 |     2 ||     5
       Potion            |       |     1 ||     1
Armor: Leather armour    |    11 |       ||    11
       Ring mail         |    20 |    14 ||    34
Dodge: Dodged            |    67 |    22 ||    89

Table legend: (Time is in decaauts)
 A = Elapsed time spent in this place.
 B = Non-inter-level travel time spent in this place.
 C = Inter-level travel time spent in this place.
 D = Time resting spent in this place.
 E = Time spent auto-exploring this place.
 F = Levels seen in this place.
 G = Mean time per level.
                   A        B        C        D        E       F      G
               +--------+--------+--------+--------+--------+-----+--------+
         Total |   1713 |   1713 |      0 |    298 |    977 |   5 |  342.6 |
       Dungeon |   1669 |   1669 |      0 |    298 |    934 |   4 |  417.2 |
         Abyss |     44 |     44 |      0 |      0 |     43 |   1 |   44.0 |
               +--------+--------+--------+--------+--------+-----+--------+

Top non-repeatable levels by time:
     D:1: 896 daAuts
     D:2: 388 daAuts
     D:4: 369 daAuts
 Abyss:1: 44 daAuts
     D:3: 15 daAuts
